Map: Cyber Forest LE

Players

TiPtOP - Winner!

  • Race: Terran Terran
  • League: Silver
  • Spawn Location: 11:00

VOD

Have the link to the VOD?

Description

Time

  • Played on: May 8, 2019, 8:48 p.m.
  • Length: 13:57
Show
View Real Time Build Order
Export as new Build Order

TiPtOP Terran - Winner!

Build Orders:  

Get SALT Encoding   

  12  0:02  SCV  
  13  0:19  SCV  
  14  0:25  Supply Depot  
  14  0:38  SCV  
  15  0:55  SCV  
  15  0:56  Barracks  
  16  1:18  SCV  
  16  1:19  Refinery  
  17  1:38  SCV  
  18  1:57  SCV  
  19  2:09  Command Center  
  19  2:22  Barracks  
  19  2:38  Barracks Reactor  
  19  2:46  Orbital Command  
  19  3:17  Supply Depot  
  19  3:21  SCV  
  20  3:34  Barracks Tech Lab  
  20  3:55  SCV  
  20  3:57  Supply Depot  
  21  4:19  SCV  
  22  4:25  Marine  
  22  4:26  Marine x2  
  25  4:36  SCV  
  26  4:45  Factory  
  26  4:46  Refinery  
  26  4:48  SCV  
  27  4:53  SCV, Marine x2  
  27  4:54  Marine  
  31  5:05  SCV  
  32  5:10  SCV  
  32  5:11  Stimpack  
  33  5:21  Barracks  
  33  5:22  SCV  
  33  5:27  SCV  
  35  5:39  Marine x3  
  38  5:44  SCV  
  39  5:58  Factory Reactor  
  39  6:01  Starport  
  39  6:06  Marine x3  
  42  6:21  SCV x2  
  44  6:37  Marine  
  44  6:38  Marine x2  
  47  6:46  SCV x2  
  49  7:04  Marine  
  49  7:05  Marine x2  
  49  7:06  Barracks Reactor  
  52  7:17  Orbital Command  
  52  7:19  SCV  
  53  7:36  SCV  
  53  7:38  Supply Depot  
  54  7:47  Supply Depot  
  54  8:06  Factory Tech Lab  
  54  8:08  SCV, Marine x3, Medivac x2  
  62  8:14  Engineering Bay  
  62  8:17  SCV, Marine  
  64  8:24  Engineering Bay  
  64  8:35  Marauder  
  64  8:36  Marine x3  
  69  8:53  Supply Depot  
  69  9:01  Supply Depot  
  69  9:10  Terran Infantry Weapons Level 1  
  69  9:11  Terran Infantry Armor Level 1  
  69  9:13  Unknown  
  69  9:15  Marine  
  70  9:23  Siege Tank, Marine x3  
  70  9:26  Supply Depot  
  76  9:32  Supply Depot  
  76  9:38  Command Center  
  78  10:16  Marine x2  
  78  10:17  Marine, Marauder  
  78  10:18  Marine  
  87  10:35  SCV  
  88  10:40  Unknown, Refinery  
  88  10:42  Refinery, SCV  
  89  10:52  SCV  
  89  10:59  SCV  
  91  11:09  SCV  
  92  11:21  Unknown  
  92  11:26  SCV  
  92  11:28  Siege Tank  
Tags
 
Add a new tag
Caveats
  • Supply blocks, unpowered buildings, or Contaminate may cause inaccurate times.
  • Supply counts are checked every 10 seconds.